 Dungeon Crawl Stone Soup version 0.29.0-4-gdea44cf6ec (webtiles) character file.

Game seed: 8804067196913756981

72 qw the Chopper (level 4, -1/26 HPs)
             Began as a Tengu Warper on Aug 28, 2022.
             Slain by a scorpion (5 damage)
             ... on level 3 of the Dungeon.
             The game lasted 00:00:12 (2612 turns).

qw the Chopper (Tengu Warper)                       Turns: 2612, Time: 00:00:12

Health: -1/26      AC:  4    Str: 13    XL:     4   Next: 26%
Magic:  8/8        EV:  7    Int: 13    God:
Gold:   96         SH:  7    Dex: 14    Spells: 7/7 levels left

rFire   + . .      SeeInvis .   Y - +1 hand axe
rCold   + . .      Faith    .   m - +0 kite shield
rNeg    . . .      Spirit   .   b - +0 leather armour
rPois   .          Reflect  .   (helmet restricted)
rElec   .          Harm     .   f - +0 cloak
rCorr   .          Rampage  .   (no gloves)
Will    .....                   (boots unavailable)
Stlth   +.........              (no amulet)
HPRegen 0.08/turn               v - ring of protection from cold
MPRegen 0.11/turn               s - ring of protection from fire

@: lethally poisoned (-1 -> -19), constricted
A: beak, talons 3
a: no special abilities


You were on level 3 of the Dungeon.
You visited 1 branch of the dungeon, and saw 3 of its levels.

You collected 96 gold pieces.


Innate Abilities, Weirdness & Mutations

You have a beak for a mouth.
You have claws for feet.


   Skills:
 - Level 2.0 Fighting
 - Level 4.8 Axes
 - Level 1.0 Throwing
 - Level 1.1 Armour
 - Level 2.1 Dodging
 + Level 0.2 Shields
 - Level 2.0 Spellcasting
 - Level 2.4 Translocations


You had 7 spell levels left.
You didn't know any spells.
Your spell library contained the following spells:

 Spells                   Type           Power      Damage    Failure   Level
 Blink                    Tloc           14%        N/A       56%         2
 Gell's Gravitas          Tloc           7%         N/A       80%         3
 Lesser Beckoning         Tloc           7%         N/A       80%         3
 Teleport Other           Tloc           7%         N/A       80%         3
 Manifold Assault         Tloc           7%         N/A       100%        5

Inventory:

Hand Weapons
 l - a +1 vorpal mace
 Y - a +1 hand axe (weapon)
Missiles
 e - 4 boomerangs (quivered)
Armour
 b - a +0 leather armour (worn)
 f - a +0 cloak (worn)
 m - a +0 kite shield (worn)
Jewellery
 c - a ring of resist corrosion
 s - a ring of protection from fire (right hand)
 v - a ring of protection from cold (left hand)
Scrolls
 a - a scroll of identify
 h - a scroll of teleportation
Potions
 d - a potion of might
 j - a potion of heal wounds
 n - a potion of cancellation
 r - a potion of haste
 w - a potion of lignification {unknown}

Dungeon Overview and Level Annotations

Branches:
Dungeon (3/15)

Altars:


Message History

You start resting.
HP restored.
Done exploring.
(D) Dungeon
Where to? (* - list waypoints, Enter - D:3, ? - help)
What level of the Dungeon? (default 1, ? - help)
You climb downwards.
There is a stone staircase leading up here.
You now have 96 gold pieces (gained 5).
Found a stone staircase leading down.
A ball python and a scorpion come into view.
Found 8 gold pieces.
The ball python hisses angrily.
Throw: 4 boomerangs
Press: ? - help, Q - select action Shift-Dir - straight line, f - scorpion You throw a boomerang.
The boomerang barely misses the scorpion.
You hit the scorpion. Your kick misses the scorpion.
You peck the scorpion, but do no damage.
The scorpion is moderately wounded.
The scorpion closely misses you. The scorpion stings you.
You are poisoned.
The scorpion poisons you!
A ball python comes into view.
The ball python hisses angrily.
You slash the scorpion! Your peck misses the scorpion.
The scorpion is severely wounded.
You closely miss the ball python.
You feel very sick. The scorpion stings you.
The ball python bites you but does no damage.
The ball python grabs you. The ball python constricts you.
You closely miss the ball python. You hit the scorpion but do no damage.
You feel very sick. The scorpion stings you.
You are more poisoned.
The scorpion poisons you!
The ball python bites you but does no damage.
The ball python constricts you. The scorpion stings you.
You die...

#####.........##
#......#........
#.#....#....####
#.#....#..#.#
#.#.........#
#.#.######.##
#.#.........
#.########.##
#....@S.>..#
######s...##
....# ....#
..S.# ....#
..$.. ......


You could see a scorpion and 2 ball pythons.

Vanquished Creatures
  An adder (D:2)
  5 dart slugs
  2 ball pythons
  3 endoplasms
  4 goblins
  5 hobgoblins
  12 jackals
  3 kobolds
  5 quokkas
  3 frilled lizards (D:1)
  4 rats
47 creatures vanquished.

Notes
Turn   | Place    | Note
-------+----------+-------------------------------------------
     0 | D:1      | qw the Tengu Warper began the quest for the Orb.
     0 | D:1      | Reached XP level 1. HP: 12/12 MP: 4/4
     0 | D:1      | 0 ||| qw: Version: 0.1-a-89-g26bdef1
     0 | D:1      | 0 ||| qw: Game counter: 2072
     0 | D:1      | 0 ||| qw: Always use a shield: true
     0 | D:1      | 0 ||| qw: God list: Okawaru
     0 | D:1      | 0 ||| qw: Allow faded altars: false
     0 | D:1      | 0 ||| qw: Do Orc after D:15 true
     0 | D:1      | 0 ||| qw: Do second Lair branch before Depths: true
     0 | D:1      | 0 ||| qw: Lair rune preference: random
     0 | D:1      | 0 ||| qw: Plans: Normal
     0 | D:1      | 0 ||| PLANNING D:1-11
   116 | D:1      | Reached XP level 2. HP: 17/17 MP: 6/6
   118 | D:1      | Reached skill level 3 in Axes
   317 | D:1      | 317 ||| Stepping ~*~*~tactically~*~*~ (stealth).
   319 | D:1      | 319 ||| Stepping ~*~*~tactically~*~*~ (stealth).
   359 | D:1      | Found a faded altar of an unknown god.
   361 | D:1      | 361 ||| Stepping ~*~*~tactically~*~*~ (stealth).
   363 | D:1      | 363 ||| Stepping ~*~*~tactically~*~*~ (hiding).
   511 | D:1      | HP: 3/17 [jackal (3)]
   516 | D:1      | Reached XP level 3. HP: 4/21 MP: 7/7
   533 | D:1      | HP: 3/21 [kobold/stone (2)]
   708 | D:1      | Reached skill level 4 in Axes
   999 | D:1      | 999 ||| DROPPING +0 club.
  1251 | D:1      | 1251 ||| UPGRADING to +0 cloak.
  1256 | D:1      | 1256 ||| UPGRADING to ring of resist corrosion.
  1257 | D:1      | 1257 ||| READING 4 scrolls labelled YFONOU DEQ IMPYI.
  1258 | D:1      | 1258 ||| READING 2 scrolls labelled DOAHUPR OL URI.
  1263 | D:1      | 1263 ||| READING scroll labelled YLARAC XISCHAI.
  1264 | D:1      | 1264 ||| DRINKING 2 fizzy grey potions.
  1265 | D:1      | 1265 ||| READING 3 scrolls of identify.
  1265 | D:1      | 1265 ||| IDENTIFYING puce potion
  1266 | D:1      | 1266 ||| DROPPING scroll of blinking.
  1463 | D:2      | 1463 ||| FLEEEEING.
  1466 | D:2      | 1466 ||| FLEEEEING.
  1467 | D:2      | 1467 ||| FLEEEEING.
  1468 | D:2      | 1468 ||| FLEEEEING.
  1536 | D:2      | 1536 ||| Stepping ~*~*~tactically~*~*~ (hiding).
  1650 | D:2      | 1650 ||| Stepping ~*~*~tactically~*~*~ (stealth).
  1779 | D:2      | Reached XP level 4. HP: 26/26 MP: 8/8
  2327 | D:2      | 2327 ||| UPGRADING to +0 kite shield.
  2332 | D:2      | 2332 ||| DROPPING ring of flight.
  2333 | D:2      | 2333 ||| UPGRADING to ring of protection from fire.
  2334 | D:2      | 2334 ||| UPGRADING to ring of protection from cold.
  2336 | D:2      | 2336 ||| READING scroll labelled VEPTIL LOKIUPH.
  2337 | D:2      | 2337 ||| READING scroll labelled CIDIEQUIME.
  2338 | D:2      | 2338 ||| READING scroll labelled LESALE PUQUX.
  2339 | D:2      | 2339 ||| READING scroll labelled HISMEUP TULERGH.
  2486 | D:2      | 2486 ||| READING scroll labelled DAGAQET ROSAI.
  2487 | D:2      | 2487 ||| READING scroll labelled BIMEYSI DAFRU.
  2488 | D:2      | 2488 ||| DRINKING 2 smoky golden potions.
  2489 | D:2      | 2489 ||| READING 3 scrolls of identify.
  2489 | D:2      | 2489 ||| IDENTIFYING green potion
  2490 | D:2      | 2490 ||| READING 2 scrolls of identify.
  2490 | D:2      | 2490 ||| IDENTIFYING sedimented sapphire potion
  2491 | D:2      | 2491 ||| DROPPING potion of attraction.
  2505 | D:3      | 2505 ||| STAIRDANCE
  2550 | D:3      | 2550 ||| STAIRDANCE
  2607 | D:3      | Noticed a scorpion
  2612 | D:3      | HP: 5/26 [scorpion (5)]
  2612 | D:3      | Slain by a scorpion

Levels and vault maps discovered:
D:1:      minmay_arrival_glassed_features, layout_loops_ring,
          basic_ecumenical_altar
D:2:      layout_basic
D:3:      minmay_door_path, layout_basic

Skill      XL: |  1  2  3 |
---------------+----------+-----
Axes           | 3 4 |  4.8
Fighting       | |  2.0
Throwing       | |  1.0
Armour         | |  1.1
Dodging        | |  2.1
Shields        | |  0.2
Spellcasting   | |  2.0
Translocations | |  2.4

Action                   |  1- 3 |  4- 6 || total
-------------------------+-------+-------++-------
Melee: Hand axe          |    64 |    19 ||    83
       Kick              |    15 |     3 ||    18
       Peck              |     5 |     6 ||    11
Throw: Boomerang         |    56 |     3 ||    59
  Use: Scroll            |     4 |     8 ||    12
       Potion            |     1 |     1 ||     2
Armor: Leather armour    |    13 |     2 ||    15
Dodge: Dodged            |    32 |     8 ||    40
Block: Kite shield       |       |     4 ||     4

Table legend:
 A = Non-vault XP
 B = Vault XP
 C = Vault XP percentage of total XP
 D = Non-vault monster count
 E = Vault monster count
 F = Vault count percentage of total count
                 A         B        C        D         E       F
            +---------+---------+-------+---------+---------+-------
      Total |     104 |       0 |   0.0 |      47 |       0 |   0.0
            +---------+---------+-------+---------+---------+-------
        D:1 |      56 |       0 |   0.0 |      28 |       0 |   0.0
        D:2 |      47 |       0 |   0.0 |      18 |       0 |   0.0
        D:3 |       1 |       0 |   0.0 |       1 |       0 |   0.0
            +---------+---------+-------+---------+---------+-------
